 Dungeon Crawl Stone Soup version 0.31-a0-232-gb1c03b2570 (webtiles) character file.

Game seed: 9495698625739591769

88 qw the Shooter (level 4, 0/26 HPs)
             Began as a Gargoyle Hexslinger on July 7, 2023.
             Slain by a gnoll
             ... wielding a +3 antimagic spear
              (4 damage)
             ... on level 3 of the Dungeon.
             The game lasted 00:00:38 (1854 turns).

qw the Shooter (Gargoyle Hexslinger)                Turns: 1854, Time: 00:00:38

Health: 0/26       AC:  8    Str: 11    XL:     4   Next: 54%
Magic:  0/5        EV: 10    Int: 14    God:
Gold:   146        SH:  0    Dex: 20    Spells: 4/5 levels left

rFire   . . .        Y - +1 sling (freeze)
rCold   . . .        (no shield)
rNeg    + . .        g - +0 ring mail
rPois   inf          (no helmet)
rElec   +            (no cloak)
rCorr   .            (no gloves)
SInv    .            (no boots)
Will    .....        (no amulet)
Stlth   +            h - +6 ring of dexterity
HPRegen 0.24/turn    (no ring)
MPRegen 0.09/turn

%: no passive effects
@: no status effects
A: sickness immunity, AC +3, negative energy resistance 1, electricity
resistance, torment resistance 1, petrification resistance
a: no special abilities


You were on level 3 of the Dungeon.
You visited 1 branch of the dungeon, and saw 3 of its levels.

You collected 146 gold pieces.


Innate Abilities, Weirdness & Mutations

You are immune to sickness and miasma.
Your stone body is resilient. (AC +3)
You are immune to poison.
You resist negative energy. (rN+)
You are resistant to electric shocks. (rElec)
You are resistant to unholy torment.
You are immune to petrification.


   Skills:
 - Level 2.0 Fighting
 - Level 4.3 Ranged Weapons
 + Level 0.0 Armour
 - Level 1.5 Dodging
 - Level 1.0 Spellcasting
 - Level 2.6 Hexes


You had 4 spell levels left.
You knew the following spells:

 Your Spells              Type           Power      Damage    Failure   Level
a - Slow                  Hex            32%        N/A       22%         1

Your spell library contained the following spells:

 Spells                   Type           Power      Damage    Failure   Level
 Inner Flame              Hex/Fire       4%         N/A       73%         3
 Portal Projectile        Hex/Tloc       8%         N/A       73%         3
 Cause Fear               Hex            4%         N/A       91%         4

Inventory:

Hand Weapons
 Y - a +1 sling of freezing (weapon)
Armour
 g - a +0 ring mail (worn)
Jewellery
 h - a +6 ring of dexterity (left hand)
Scrolls
 a - a scroll of identify
Potions
 b - a potion of might {unknown}
 c - 3 potions of curing
 d - a potion of mutation
 e - a potion of haste

Dungeon Overview and Level Annotations

Branches:
Dungeon (3/15)

Altars:
Gozag


Message History

The hound barely misses you. x2; The gnoll closely misses you.
You shoot a sling bullet. The sling bullet hits the hound!
The sling bullet freezes the hound.
The hound is severely wounded.
The hound barely misses you. The hound bites you but does no damage.
The hound barely misses you. The gnoll hits you but does no damage.
The hound bites you but does no damage.
You shoot a sling bullet.
The sling bullet closely misses the hound.
The hound barely misses you. The hound closely misses you.
The gnoll hits you from afar with a +3 antimagic spear.
You feel your power leaking away. The hound closely misses you.
The hound bites you but does no damage.
You shoot a sling bullet.
The sling bullet barely misses the hound.
The hound bites you but does no damage. The hound bites you.
The gnoll hits you from afar with a +3 antimagic spear.
You feel your power leaking away. The hound bites you.
The hound bites you but does no damage.
The gnoll hits you from afar with a +3 antimagic spear.
You feel your power leaking away.
You shoot a sling bullet. The sling bullet hits the hound.
The sling bullet freezes the hound.
The hound is severely wounded.
The hound closely misses you. The hound barely misses you.
The hound bites you but does no damage. The gnoll barely misses you.
The hound closely misses you.
You shoot a sling bullet. The sling bullet hits the hound.
The sling bullet freezes the hound.
You kill the hound!
The hound bites you but does no damage. The gnoll closely misses you.
The hound bites you.
Your Ranged Weapons skill increases to level 4!
You shoot a sling bullet.
The sling bullet barely misses the hound.
The hound bites you but does no damage.
The gnoll hits you from afar with a +3 antimagic spear.
The hound bites you but does no damage.
The gnoll hits you from afar with a +3 antimagic spear.
You die...

#### #..# ## #..#
..# ###@P#...#
#####..%hg...#
##.....#.P#+#+#
##.:.......#
#..........# ####
#.........## ##..#
#.........# ...##
#.^.......#
..######.........#


You could see a hound and a gnoll.

Vanquished Creatures
  A hound (D:3)
  An adder (D:2)
  A dart slug (D:3)
  An orc (D:3)
  8 endoplasms
  2 giant cockroaches (D:1)
  5 goblins
  4 hobgoblins
  2 jackals (D:3)
  A quokka (D:1)
  A ball python (D:1)
  8 bats
  3 frilled lizards
  5 kobolds
  2 rats (D:1)
45 creatures vanquished.

Notes
Turn   | Place    | Note
-------+----------+-------------------------------------------
     0 | D:1      | qw the Gargoyle Hexslinger began the quest for the Orb.
     0 | D:1      | Reached XP level 1. HP: 12/12 MP: 2/2
     0 | D:1      | 0 ||| qw: Version: 0.3-a-46-gb1f654a
     0 | D:1      | 0 ||| qw: Game counter: 2478
     0 | D:1      | 0 ||| qw: Melee chars always use a shield: true
     0 | D:1      | 0 ||| qw: God list: Okawaru
     0 | D:1      | 0 ||| qw: Allow faded altars: false
     0 | D:1      | 0 ||| qw: Do Orc after clearing Dungeon:15 true
     0 | D:1      | 0 ||| qw: Do second Lair branch before Depths: true
     0 | D:1      | 0 ||| qw: Lair rune preference: random
     0 | D:1      | 0 ||| qw: Goals: Normal
     0 | D:1      | 0 ||| PLANNING D:1-11
   261 | D:1      | Reached XP level 2. HP: 13/16 MP: 3/3
   275 | D:1      | Noticed a floating eye
   277 | D:1      | Found a faded altar of an unknown god.
   286 | D:1      | Noticed a great orb of eyes
   286 | D:1      | Noticed a golden eye
   286 | D:1      | Noticed an eye of devastation
   321 | D:1      | Reached skill level 3 in Ranged Weapons
   624 | D:1      | Reached XP level 3. HP: 21/21 MP: 4/4
   731 | D:1      | 731 ||| UPGRADING to +0 ring mail.
   741 | D:1      | 741 ||| DROPPING +0 robe.
   742 | D:1      | 742 ||| DROPPING +6 ring of intelligence.
   743 | D:1      | 743 ||| READING 5 scrolls labelled DEOTYO OTIALO.
   744 | D:1      | 744 ||| READING scroll labelled CYVADE ETOOLE.
   749 | D:1      | 749 ||| READING scroll labelled ZAGHU QIOSIU.
   750 | D:1      | 750 ||| READING scroll labelled PAH JOYSOR IXIJI.
   851 | D:1      | 851 ||| DROPPING scroll of poison.
  1542 | D:2      | 1542 ||| UPGRADING to +6 ring of dexterity.
  1543 | D:2      | 1543 ||| READING 2 scrolls labelled VUSAAT XAUC.
  1544 | D:2      | 1544 ||| READING scroll labelled KOYCLI XOSIYM.
  1545 | D:2      | 1545 ||| READING 4 scrolls of identify.
  1545 | D:2      | 1545 ||| IDENTIFYING smoky pink potion
  1546 | D:2      | 1546 ||| READING 3 scrolls of identify.
  1546 | D:2      | 1546 ||| IDENTIFYING bubbling golden potion
  1547 | D:2      | 1547 ||| READING 2 scrolls of identify.
  1547 | D:2      | 1547 ||| IDENTIFYING lumpy puce potion
  1548 | D:2      | 1548 ||| DROPPING scroll of fear.
  1625 | D:3      | Found an opulent altar of Gozag.
  1823 | D:3      | Reached XP level 4. HP: 26/26 MP: 5/5
  1845 | D:3      | 1845 ||| Stepping ~*~*~tactically~*~*~ (outnumbered).
  1854 | D:3      | Reached skill level 4 in Ranged Weapons
  1854 | D:3      | HP: 4/26 [gnoll/+3 antimagic spear (3)]
  1854 | D:3      | Slain by a gnoll

Levels and vault maps discovered:
D:1:      matt_arrival_grand_opening, layout_basic,
          hellmonk_ecumenical_altar_watching_god, minmay_misc_feat_hallway,
          roderic_serpentine_path
D:2:      layout_basic, nrook_loot_triangle, minmay_tetromino_s2
D:3:      layout_rooms, grunt_gozag_statues, cheibrodos_gnoll_hut

Skill      XL: |  1  2  3  4 |
---------------+-------------+-----
Ranged Weapons | 3 4 |  4.3
Fighting       | 2 |  2.0
Dodging        | |  1.5
Spellcasting   | |  1.0
Hexes          | |  2.6

Action                     |  1- 3 |  4- 6 || total
---------------------------+-------+-------++-------
   Fire: Sling             |   116 |    10 ||   126
    Use: Scroll            |     9 |       ||     9
 Armour: Robe              |     8 |       ||     8
         Ring mail         |    10 |    12 ||    22
  Dodge: Dodged            |    26 |    16 ||    42

Table legend:
 A = Non-vault XP
 B = Vault XP
 C = Vault XP percentage of total XP
 D = Non-vault monster count
 E = Vault monster count
 F = Vault count percentage of total count
                 A         B        C        D         E       F
            +---------+---------+-------+---------+---------+-------
      Total |      82 |      45 |  35.4 |      42 |       3 |   6.7
            +---------+---------+-------+---------+---------+-------
        D:1 |      38 |       0 |   0.0 |      23 |       0 |   0.0
        D:2 |      22 |       3 |  12.0 |       7 |       2 |  22.2
        D:3 |      22 |      42 |  65.6 |      12 |       1 |   7.7
            +---------+---------+-------+---------+---------+-------
